 Dungeon Crawl Stone Soup version 0.21-a0-205-ge9f4a53 (webtiles) character file.

17684 Leibowitz the Impaler (level 12, 0/100 HPs)
             Began as a Merfolk Gladiator on Aug 20, 2017.
             Was a High Priest of Okawaru.
             Slain by a hog (3 damage)
             ... led by Kirke
             ... on level 11 of the Dungeon.
             The game lasted 00:56:47 (14706 turns).

Leibowitz the Impaler (Merfolk Gladiator)          Turns: 14706, Time: 00:56:48

Health: 0/100      AC:  0    Str: 17    XL:     12   Next: 50%
Magic:  13/13      EV: 25    Int:  5    God:    Okawaru [*****.]
Gold:   829        SH:  0    Dex: 18    Spells: 11/11 levels left

rFire    . . .     SeeInvis .   (weapon currently unavailable)
rCold    . . .     Gourm    +   (shield currently unavailable)
rNeg     . . .     Faith    .   (armour currently unavailable)
rPois    .         Spirit   .   (helmet currently unavailable)
rElec    .         Reflect  .   (cloak currently unavailable)
rCorr    .         Harm     .   (gloves currently unavailable)
MR       .....                  (boots currently unavailable)
Stlth    +++++.....             m - amulet of the gourmand
HPRegen  0.26/turn              (ring currently unavailable)
MPRegen  0.13/turn              (ring currently unavailable)

@: pig-form, slowed
A: (change form in water), (swift swim), (stealthy swim), dopey 1
a: Heroism, Finesse, Renounce Religion


You were on level 11 of the Dungeon.
You worshipped Okawaru.
Okawaru was extremely pleased with you.
You were very full.
You were a filthy swine.
You visited 4 branches of the dungeon, and saw 15 of its levels.
You also visited: Sewer.

You collected 829 gold pieces.

Inventory:

Hand Weapons
 a - the +4 spear of the Hall of Blades (melded) {pierce, rPois rN+}
   (You found it on level 6 of the Dungeon)

   It inflicts extra damage upon your enemies.
   It protects you from poison.
   It protects you from negative energy.
 s - a +1 trident
Missiles
 d - 4 curare-tipped needles
Armour
 r - a +2 animal skin (melded)
 v - a +1 helmet of see invisible (melded)
 E - a +1 cloak (melded)
 H - a +0 pair of boots (melded)
Jewellery
 m - an amulet of the gourmand (around neck)
 u - a ring of protection from fire (melded)
 z - an uncursed ring of wizardry {unknown}
 I - a ring of resist corrosion (melded)
Wands
 c - a wand of iceblast (2/15)
 e - a wand of flame (11/48)
 k - a wand of lightning (2/15)
 p - a wand of clouds (4/9)
 q - a wand of polymorph (7/24)
Scrolls
 b - 2 scrolls of teleportation
 g - 8 scrolls of identify
 h - 4 scrolls of remove curse
 i - a scroll of torment
 o - 4 scrolls of enchant weapon
 t - a scroll of fear
 x - 2 scrolls of recharging
 y - a scroll of magic mapping
 D - a scroll of enchant armour
Potions
 n - 2 potions of brilliance
 w - a potion of agility
 A - a potion of flight
 C - a potion of haste
Comestibles
 f - 14 bread rations
 j - 5 royal jellies
 l - 2 meat rations
 B - 12 fruits


   Skills:
 * Level 11.3 Fighting
 + Level 15.6 Polearms
 - Level 2.0 Throwing
 + Level 3.0 Armour
 * Level 11.7 Dodging
 + Level 10.6 Stealth
 + Level 2.0 Evocations


You had 11 spell levels left.
You didn't know any spells.

Dungeon Overview and Level Annotations

Branches:
Dungeon (12/15)            Temple (1/1) D:5            Lair (1/6) D:10
    Orc (1/2) D:11

Altars:
Ashenzari
Cheibriados
Dithmenos
Elyvilon
Fedhas
Gozag
Hepliaklqana
Kikubaaqudgha
Makhleb
Nemelex Xobeh
Okawaru
Qazlal
Ru
Sif Muna
Trog
Uskayaw
Vehumet
Wu Jian
Xom
Yredelemnul
Zin
The Shining One

Shops:
D:8 :   D:9 *

Annotations:
D:11 Kirke
Orc:1 Nergalle


Innate Abilities, Weirdness & Mutations

((You revert to your normal form in water.))
((You are very nimble and swift while swimming.))
((You are very stealthy in the water. (Stealth+)))
((You are partially covered in icy blue scales. (AC +2)))
You are dopey. (Int -2)


Message History

* * * LOW HITPOINT WARNING * * *
The hog barely misses you.
Evoke which item? (* to show all) (? for menu, Esc to quit)
You have no means to grasp a wand firmly enough.
Kirke mumbles some strange words.
Kirke summons a lindwurm!
The hog completely misses you. The hog bites you!
* * * LOW HITPOINT WARNING * * *
The hog completely misses you.
Kirke casts a spell.
Kirke summons a lindwurm!
Kirke casts a spell.
Kirke summons a sphinx!
The hog misses you. The hog bites you!
* * * LOW HITPOINT WARNING * * *
There is an escape hatch in the ceiling, spattered with blood here.
The hog bites you.
* * * LOW HITPOINT WARNING * * *
The hog completely misses you. The hog bites you.
You die...

.#......#...............#...#....
.#......###.............#####..>.
.#........#..................[...
.#........#........#######.......
.##########........#.....#.....##
...<...............#.....#.....#.
...................#.....#...).#.
..##############...#[#####.....#.
..#............#h..............'.
..#.........####hh....[........#.
..#.........#...H###########...##
..#.........#....# #.....
..#.........#...@# #.....
..#.......###..k.# #.....
..###'#####......###########.....
................K................
####....#'#####..........########


You could see Kirke, a sphinx, a lindwurm, 2 hogs and a big kobold (wandering).

Vanquished Creatures
  Snorg (D:11)
  Josephine (D:11)
  A hydra (Lair:1)
  2 two-headed ogres (D:9)
  A deep troll (D:10)
  Pikel (D:5)
  A manticore (D:10)
  2 ugly things
  Maurice (D:8)
  Joseph (D:7)
  2 black mambas (Lair:1)
  Psyche (D:8)
  A spiny frog (Lair:1)
  A gargoyle (D:12)
  A kobold demonologist (D:11)
  2 komodo dragons (Lair:1)
  A troll (D:8)
  3 hippogriffs
  A spriggan (D:7)
  3 wraiths
  Grum (D:8)
  A hog (D:11)
  9 yaks
  Menkaure (D:7)
  2 hell hounds (D:10)
  A porcupine (Lair:1)
  2 water moccasins (Lair:1)
  4 ice beasts
  9 orc warriors
  3 black bears
  2 phantoms
  2 sky beasts
  4 ogres
  The ghost of Perturabo the Slasher, an amateur DsGl (D:3)
  2 wolves (D:8)
  A centaur (D:11)
  A crocodile (Lair:1)
  2 big kobolds
  5 bullfrogs
  2 gnoll sergeants
  2 scorpions
  A wyvern skeleton (D:9)
  A wight (Lair:1)
  6 howler monkeys
  4 crimson imps
  3 bullfrog zombies
  9 hounds
  A quasit (D:8)
  5 orc priests
  A centaur skeleton (D:8)
  5 jellies
  A gnoll shaman (D:9)
  6 iguanas
  9 orc wizards
  Jessica (D:2)
  Ijyb (D:5)
  6 worker ants
  A worker ant zombie (D:8)
  19 gnolls
  19 adders
  4 river rats
  2 shadow imps
  An ooze (Sewer)
  2 adder zombies
  An adder skeleton (D:4)
  3 worms
  4 leopard geckos
  50 orcs
  10 bats
  11 giant cockroaches
  7 goblins
  7 hobgoblins
  4 jackals (D:5)
  2 quokkas
  12 ball pythons
  3 frilled lizards
  2 goblin zombies (D:9)
  2 hobgoblin zombies (D:9)
  10 kobolds
  2 kobold zombies (D:9)
  A leopard gecko zombie (D:5)
  An orc skeleton (D:9)
  An orc zombie (D:9)
  2 quokka skeletons
  A quokka zombie (D:8)
  33 rats
  A bush (D:1)
363 creatures vanquished.

Vanquished Creatures (others)
  An ogre (D:5)
  A leopard gecko (D:5)
  A giant cockroach (D:5)
  2 ball pythons (D:5)
  A giant cockroach zombie (D:5)
  4 plants (Lair:1)
10 creatures vanquished.

Grand Total: 373 creatures vanquished

Notes
Turn   | Place    | Note
-------+----------+-------------------------------------------
     0 | D:1      | Leibowitz the Merfolk Gladiator began the quest for the Orb.
     0 | D:1      | Reached XP level 1. HP: 16/16 MP: 1/1
   118 | D:1      | Reached XP level 2. HP: 21/22 MP: 2/2
   961 | D:2      | Reached skill level 1 in Stealth
   997 | D:2      | Reached skill level 5 in Polearms
   997 | D:2      | Reached XP level 3. HP: 28/28 MP: 3/3
  1204 | D:2      | Noticed Jessica
  1209 | D:2      | Killed Jessica
  1209 | D:2      | Reached XP level 4. HP: 26/34 MP: 4/4
  1648 | D:2      | Reached skill level 6 in Polearms
  1772 | D:3      | Found a burning altar of Makhleb.
  1774 | D:3      | Noticed a cacodemon
  1807 | D:3      | Reached skill level 5 in Dodging
  1864 | D:3      | Found a glowing drain.
  1897 | D:3      | Reached XP level 5. HP: 14/40 MP: 5/5
  1949 | Sewer    | Entered a sewer
  2298 | Sewer    | Reached skill level 7 in Polearms
  2548 | Sewer    | Reached XP level 6. HP: 47/47 MP: 6/6
  3012 | D:3      | Noticed Perturabo's ghost (amateur DsGl)
  3015 | D:3      | Found a hide-covered altar of Uskayaw.
  3072 | D:3      | Killed Perturabo's ghost
  3072 | D:3      | Reached skill level 8 in Polearms
  3434 | D:3      | Found an ornate altar of the Wu Jian Council.
  3574 | D:4      | Reached XP level 7. HP: 42/53 MP: 7/7
  3578 | D:4      | Reached skill level 1 in Armour
  4462 | D:4      | Reached skill level 9 in Polearms
  4797 | D:5      | Entered Level 5 of the Dungeon
  5196 | D:5      | Found a staircase to the Ecumenical Temple.
  5209 | Temple   | Entered the Ecumenical Temple
  5295 | D:5      | Noticed Pikel
  5339 | D:5      | Killed Pikel
  5339 | D:5      | Reached skill level 5 in Fighting
  5339 | D:5      | Reached skill level 10 in Polearms
  5339 | D:5      | Reached XP level 8. HP: 17/62 MP: 8/8
  5364 | D:5      | Noticed Ijyb
  5378 | D:5      | Killed Ijyb
  6276 | D:6      | Reached skill level 11 in Polearms
  6296 | D:6      | Gained mutation: You are dopey. (Int -2) [potion of mutation]
  6296 | D:6      | Gained mutation: You are partially covered in icy blue scales. (AC +2) [potion of mutation]
  6652 | D:6      | You fall through a shaft!
  6661 | D:7      | Reached XP level 9. HP: 68/68 MP: 9/9
  6793 | D:7      | Noticed Joseph
  6814 | D:7      | Killed Joseph
  6814 | D:7      | Reached skill level 12 in Polearms
  6817 | D:7      | Reached skill level 5 in Stealth
  7162 | D:7      | Found a stormy altar of Qazlal.
  7266 | D:7      | Noticed Menkaure
  7280 | D:7      | Killed Menkaure
  7586 | D:6      | Got a pitted spear
  7587 | D:6      | Identified the +4 spear of the Hall of Blades {pierce, rPois rN+} (You found it on level 6 of the Dungeon)
  7761 | D:8      | Noticed Maurice
  7775 | D:8      | Killed Maurice
  7775 | D:8      | Reached skill level 13 in Polearms
  7775 | D:8      | Reached XP level 10. HP: 79/79 MP: 10/10
  7886 | D:8      | Noticed Grum
  7929 | D:8      | Noticed Psyche
  7938 | D:8      | Killed Psyche
  7949 | D:8      | HP: 4/80 [gnoll/spear (2)]
  8038 | D:8      | Killed Grum
  8428 | D:8      | Reached skill level 14 in Polearms
  8516 | D:8      | Found a glowing silver altar of Zin.
  8517 | D:8      | Found an opulent altar of Gozag.
  8617 | D:8      | Found Jaawoc's Book Shoppe.
  8698 | D:8      | Found an iron altar of Okawaru.
  8700 | D:8      | Found a sparkling altar of Nemelex Xobeh.
  8700 | D:8      | Found a white marble altar of Elyvilon.
  8707 | D:8      | Became a worshipper of Warmaster Okawaru
  8841 | D:9      | Reached skill level 1 in Evocations
  9242 | D:9      | Found Saeniuc's General Store.
  9260 | D:9      | Noticed a two-headed ogre
  9279 | D:9      | Killed a two-headed ogre
  9279 | D:9      | Reached * piety under Okawaru
  9456 | D:9      | Noticed a two-headed ogre
  9467 | D:9      | Killed a two-headed ogre
  9467 | D:9      | Reached XP level 11. HP: 74/87 MP: 12/12
  9570 | D:9      | Reached ** piety under Okawaru
  9639 | D:9      | Found a glowing golden altar of the Shining One.
  9752 | D:10     | Entered Level 10 of the Dungeon
  9819 | D:10     | Identified a scroll of acquirement
  9994 | D:10     | Found a staircase to the Lair.
 10345 | D:10     | Noticed a manticore
 10346 | D:10     | Noticed a deep troll
 10347 | D:10     | Got an ichor-stained robe
 10365 | D:10     | Killed a manticore
 10374 | D:10     | Killed a deep troll
 10385 | D:10     | Noticed a brown ugly thing
 10640 | D:10     | Killed a brown ugly thing
 10640 | D:10     | Reached *** piety under Okawaru
 10640 | D:10     | Reached skill level 10 in Dodging
 10728 | D:10     | Identified the cursed +0 robe of Vez Duam {rPois rCorr Str+4 Dex+3 Slay-5} (You took it off an orc on level 10 of the Dungeon)
 10740 | D:10     | Noticed a death knight
 11075 | Lair:1   | Entered Level 1 of the Lair of Beasts
 11258 | Lair:1   | Noticed a four-headed hydra
 11279 | Lair:1   | Killed a four-headed hydra
 11279 | Lair:1   | Reached skill level 10 in Fighting
 11279 | Lair:1   | Reached skill level 15 in Polearms
 11606 | Lair:1   | Reached **** piety under Okawaru
 11883 | Lair:1   | Reached XP level 12. HP: 98/98 MP: 13/13
 12039 | Lair:1   | Received a gift from Okawaru
 12521 | Lair:1   | Noticed an eight-headed hydra
 12574 | D:10     | Reached skill level 10 in Stealth
 12954 | D:11     | Noticed Snorg
 12970 | D:11     | Killed Snorg
 13367 | D:11     | Found a staircase to the Orcish Mines.
 13563 | D:11     | Noticed Josephine
 13645 | Orc:1    | Entered Level 1 of the Orcish Mines
 13652 | Orc:1    | Noticed Nergalle
 13675 | D:11     | Killed Josephine
 13675 | D:11     | Reached ***** piety under Okawaru
 13718 | D:11     | HP: 4/100 [wraith[Josephine] (8)]
 13908 | D:11     | Identified the Grimoire of Lightness and Transformation
 14399 | D:12     | Noticed Kirke
 14704 | D:11     | Noticed a sphinx
 14705 | D:11     | HP: 4/100 [hog[Kirke] (7)]
 14706 | D:11     | Slain by a hog

Vault maps used:
D:1:      dpeg_arrival_rhombus, serial_forest, infiniplex_forest_lined_room_2,
          infiniplex_forest_clump_diagonal, infiniplex_forest_zigzag_2,
          infiniplex_forest_straight_2, infiniplex_forest_clump_long,
          infiniplex_forest_lined_room_2, infiniplex_forest_lined_3,
          infiniplex_forest_split
D:2:      minmay_pentomino_s2, uniq_jessica
D:3:      makhleb_altar_promises_db, marbit_many_paths,
          eat_drink_and_be_merry_uskayaw, portal_sewer_entry_c
D:4:      lightli_minifort
D:5:      minmay_temple_entry_overgrown, first_bread, uniq_pikel, uniq_ijyb
D:7:      overflow_temple_1_default, the_bakery, uniq_menkaure, uniq_joseph
D:8:      grunt_temple_overflow_gold_and_silver, grunt_temple_overflow_diamond,
          serial_shops, shop_statue, minmay_misc_feat_hallway, uniq_grum,
          uniq_psyche, uniq_maurice
D:9:      serial_shops, shop_fountains, nicolae_tso_besieged_by_evil
D:10:     minmay_lair_entry_lava, minmay_evil_grid
D:11:     david_orc_4, uniq_josephine, uniq_snorg
D:12:     uniq_kirke, uniq_azrael
Temple:   cyrus_circular_temple
Orc:1:    serial_shops, nicolae_shop_waterfront, portal_ice_cave_entry_imps,
          uniq_nergalle
Sewer:    sewer_minmay_w

Skill      XL: |  1  2  3  4  5  6  7  8  9 10 11 12 |
---------------+-------------------------------------+-----
Stealth        | 1 2 3 4 6 7 9 10 | 10.6
Polearms       | 5 6 7 8 10 11 13 14 15 | 15.6
Dodging        | 5 6 7 8 10 11 | 11.7
Fighting       | 3 5 7 8 10 11 | 11.3
Armour         | 2 3 |  3.0
Evocations     | 2 |  2.0
Throwing       | |  2.0

Action                   |  1- 3 |  4- 6 |  7- 9 | 10-12 || total
-------------------------+-------+-------+-------+-------++-------
Melee: Trident           |   140 |   310 |   375 |       ||   825
       Tailslap          |       |    10 |     2 |       ||    12
       Spear             |       |       |    15 |  1015 ||  1030
       Unarmed           |       |       |       |     5 ||     5
Throw: Throwing net      |       |     3 |     2 |     2 ||     7
Evoke: Wand              |       |       |     3 |    15 ||    18
  Use: Potion            |       |     2 |    12 |     5 ||    19
       Scroll            |       |       |    12 |     7 ||    19
 Stab: Sleeping          |     3 |     8 |     9 |    19 ||    39
       Distracted        |       |     1 |     2 |     7 ||    10
       Held in net/web   |       |       |     1 |     3 ||     4
       Invisible         |       |       |       |     4 ||     4
  Eat: Chunk             |     1 |     8 |    13 |    27 ||    49
       Meat ration       |       |       |       |     1 ||     1
Armor: Leather armour    |    16 |    42 |    36 |     4 ||    98
       Animal skin       |       |       |       |    73 ||    73
       Robe              |       |       |       |     1 ||     1
Dodge: Dodged            |    38 |   270 |   156 |   478 ||   942
